 Dungeon Crawl Stone Soup version 0.31-a0-263-ge8cad7f256 (webtiles) character file.

Game seed: 6925860155228784676

66089 Vomitron the Earth Mage (level 15, -11/93 HPs)
             Began as a Gargoyle Earth Elementalist on July 13, 2023.
             Was the Champion of Elyvilon.
             Engulfed by a cloud of flame (40 damage)
             ... on level 1 of the Swamp.
             The game lasted 01:11:14 (28097 turns).

Vomitron the Earth Mage (GrEE)                     Turns: 28097, Time: 01:11:14

Health: -11/93     AC: 23    Str: 14    XL:     15   Next: 18%
Magic:  26/39      EV: 11    Int: 23    God:    Elyvilon [******]
Gold:   1139       SH:  7    Dex: 10    Spells: 12/36 levels left

rFire   . . .        p - +2 hand axe (elec)
rCold   . . .        N - +2 buckler
rNeg    + . .        X - +4 robe "Dekiax" {rCorr Str+2}
rPois   ∞            T - +2 hat
rElec   +            t - +1 cloak
rCorr   +            h - +0 pair of gloves
SInv    .            L - +0 pair of boots
Will    +....        m - amulet of faith
Stlth   ++           k - ring of wizardry
HPRegen 0.35/turn    M - ring of magical power
MPRegen 0.26/turn

%: faith, wizardry (x1)
@: flying
A: sickness immunity, AC +11, big wings, negative energy resistance 1,
electricity resistance, torment resistance 1, petrification resistance
a: Renounce Religion, Purification, Heal Other, Heal Self, Divine Vigour


You were on level 1 of the Swamp.
You worshipped Elyvilon.
Elyvilon was exalted by your worship.
You visited 5 branches of the dungeon, and saw 21 of its levels.
You also visited: Bailey.

You collected 1360 gold pieces.
You spent 221 gold pieces at shops.

Inventory:

Hand Weapons
 p - a +2 hand axe of electrocution (weapon)
Missiles
 H - 9 curare-tipped darts
 U - a throwing net
Armour
 c - the +1 leather armour of Pixkonie {rF+ rCorr Dex+7}
   (You found it on level 5 of the Lair of Beasts)

   Dex:       It affects your dexterity (+7).
   rF:        It protects you from fire.
   rCorr:     It protects you from acid and corrosion.
 h - a +0 pair of gloves (worn)
 t - a +1 cloak (worn)
 B - a +2 leather armour of cold resistance
 F - a +0 helmet
 L - a +0 pair of boots (worn)
 N - a +2 buckler (worn)
 O - a +0 troll leather armour
 T - a +2 hat (worn)
 X - the +4 robe "Dekiax" (worn) {rCorr Str+2}
   (You found it on level 4 of the Lair of Beasts)

   Str:       It affects your strength (+2).
   rCorr:     It protects you from acid and corrosion.
Magical Staves
 s - a staff of air
Jewellery
 d - a ring of fire
 e - a ring of see invisible
 k - a ring of wizardry (left hand)
 m - an amulet of faith (around neck)
 o - a ring of willpower
 z - a +6 ring of intelligence
 D - a ring of wizardry
 K - a ring of wizardry
 M - a ring of magical power (right hand)
 P - a ring of ice
 S - a +5 ring of evasion
 W - a ring of fire
Wands
 g - a wand of roots (38)
 G - a wand of acid (8)
 I - a wand of flame (19)
 Z - a wand of paralysis (5)
Scrolls
 a - a scroll of fear
 i - 2 scrolls of vulnerability
 u - 4 scrolls of blinking
 x - 14 scrolls of identify
 y - a scroll of enchant armour
 A - 4 scrolls of teleportation
 C - 2 scrolls of fog
 J - 6 scrolls of enchant weapon
 R - a scroll of amnesia
 V - a scroll of poison
Potions
 b - 5 potions of magic
 f - 4 potions of heal wounds
 j - 7 potions of curing
 l - 2 potions of might
 n - 2 potions of resistance
 q - 6 potions of brilliance
 r - a potion of invisibility
 v - 2 potions of enlightenment
 w - 3 potions of mutation
 E - a potion of haste
 Q - 2 potions of lignification {unknown}
 Y - a potion of cancellation {unknown}


   Skills:
 + Level 10.7 Fighting
 - Level 3.0 Armour
 - Level 1.5 Dodging
 - Level 2.1 Stealth
 - Level 5.0 Shields
 + Level 11.3 Spellcasting
 * Level 14.1 Conjurations
 - Level 3.4 Hexes
 - Level 5.0 Translocations
 - Level 0.7 Transmutations
 - Level 5.0 Fire Magic
 + Level 15.2 Earth Magic
 - Level 2.0 Poison Magic
 - Level 7.4 Invocations


You had 12 spell levels left.
You knew the following spells:

 Your Spells              Type           Power      Damage    Failure   Level
a - Sandblast             Erth           100%       2d20      0%          1
b - Stone Arrow           Conj/Erth      100%       3d13      1%          3
d - Iskenderun's Mystic   Conj/Tloc      54%        2d12      1%          4
e - Mephitic Cloud        Conj/Pois/Air  37%        N/A       1%          3
f - Magic Dart            Conj           100%       1d8       0%          1
g - Fulminant Prism       Conj/Hex       26%        3d13      1%          4
h - Flame Wave            Conj/Fire      54%        2d13      1%          4
i - Olgreb's Toxic Radia  Pois           22%        N/A       12%         4

Your spell library contained the following spells:

 Spells                   Type           Power      Damage    Failure   Level
 Apportation              Tloc           70%        N/A       1%          1
 Passwall                 Tmut/Erth      40%        N/A       1%          2
 Scorch                   Fire           70%        2d8       1%          2
 Gell's Gravitas          Tloc           35%        N/A       1%          3
 Portal Projectile        Hex/Tloc       64%        N/A       1%          3
 Teleport Other           Tloc           35%        N/A       1%          3
 Tukima's Dance           Hex            28%        N/A       1%          3
 Volatile Blastmotes      Fire/Tloc      70%        2d15      1%          3
 Petrify                  Tmut/Erth      49%        N/A       1%          4
 Necrotise                Necr           48%        1d6       2%          1
 Summon Small Mammal      Summ           48%        N/A       2%          1
 Vhi's Electric Charge    Tloc/Air       48%        N/A       2%          3
 Call Imp                 Summ           24%        N/A       4%          2
 Arcjolt                  Conj/Air       22%        1d32      4%          5
 Cause Fear               Hex            14%        N/A       6%          4
 Ozocubu's Armour         Ice            12%        N/A       8%          3
 Anguish                  Hex/Necr       10%        N/A       12%         4
 Summon Forest            Summ/Tloc      12%        N/A       26%         5
 Metabolic Englaciation   Hex/Ice        10%        N/A       32%         5
 Summon Mana Viper        Hex/Summ       20%        N/A       32%         5
 Dispersal                Tloc           17%        N/A       43%         6
 Simulacrum               Ice/Necr       6%         N/A       98%         6
 Summon Cactus Giant      Summ           6%         N/A       98%         6
 Enfeeble                 Hex            14%        N/A       99%         7
 Shatter                  Erth           35%        3d28*     99%         9
 Ozocubu's Refrigeration  Ice            6%         4d8       100%        7
 Discord                  Hex            14%        N/A       100%        8
 Ignition                 Fire           17%        3d7       100%        8
 Maxwell's Capacitive Co  Air            6%         ∞         100%        8
 Chain Lightning          Conj/Air       22%        3d30      100%        9
 Fire Storm               Conj/Fire      27%        8d7       100%        9
 Polar Vortex             Ice            6%         N/A       100%        9


Dungeon Overview and Level Annotations

Branches:
Dungeon (12/15)            Temple (1/1) D:5            Lair (5/5) D:10
  Swamp (1/4) Lair:3        Snake (0/4) Lair:2        Slime (0/5) Lair:4
    Orc (2/2) D:10         Bailey (visited)
    Elf: Orc:2

Altars:
Cheibriados
Dithmenos
Elyvilon
Fedhas
Gozag
Hepliaklqana
Kikubaaqudgha
Makhleb
Nemelex Xobeh
Okawaru
Qazlal
Ru
Sif Muna
Uskayaw
Vehumet
Wu Jian
Xom
Yredelemnul
Zin
The Shining One
Jiyva

Shops:
D:9 *=   D:11 *   Orc:2 (

Annotations:
D:9 3 runed translucent doors, cforsyth's ghost, novice OgSh
Lair:4 2 transporters, Bekuax's ghost, journeyman MfIE
Orc:2 Nessos; Snorg


Innate Abilities, Weirdness & Mutations

You are immune to sickness and miasma.
Your stone body is resilient. (AC +11)
You are immune to poison.
Your large and strong wings let you fly.
You resist negative energy. (rN+)
You are resistant to electric shocks. (rElec)
You are resistant to unholy torment.
You are immune to petrification.


Message History

The flame wave engulfs the spriggan rider!!
You kill the spriggan!
The hornet is almost dead.
You are engulfed in a cloud of scalding steam.
The swamp worm fires a harpoon shot at you.
The harpoon shot hits you but does no damage.
A wave of flame ripples out!
The flame wave engulfs the hornet!
You kill the hornet!
You finish channelling waves of flame.
You are engulfed in a cloud of scalding steam.
You hear a deafening roar!
Unknown command.
The swamp worm fires a harpoon shot at you.
The harpoon shot hits you!
You stop ascending the stairs.
You are yanked forward by the harpoon shot.
A tyrant leech comes into view.
The swamp worm bites you!
Unknown command.
Unknown command.
The swamp worm fires a harpoon shot at you.
The harpoon shot misses you.
You are engulfed in a cloud of scalding steam.
The swamp dragon closely misses you. You block the swamp dragon's attack.
The swamp dragon barely misses you.
The swamp dragon breathes poison at you.
The blast of poison engulfs you but does no damage.
You resist.
The swamp worm fires a harpoon shot at you.
The harpoon shot misses you.
You are engulfed in a cloud of scalding steam.
The swamp worm fires a harpoon shot at you.
The harpoon shot hits you.
You are yanked forward by the harpoon shot.
You block the swamp dragon's attack. The swamp dragon closely misses you.
The swamp dragon tramples you but does no damage.
You hit the swamp dragon but do no damage.
Lightning courses through the swamp dragon!
The swamp dragon is moderately wounded.
You barely miss the swamp worm.
You are engulfed in blazing flames.
You die...

.~ ♣~....~...§~
~~~ ♣~~~~.♣♣..
~~~. ♣.~~§~○°♣ ~
....♣ ♣~.~)~~~♣...
§....♣♣§..†.~~~~~.
.....$☼☼○)<†☼.~~~.
....$.☼§~○~~..~~~.
..~~~.☼○D.^○......
♣.~~≈♣♣@.....~....
♣♣≈≈≈≈w♣♣...~~~~~~
≈≈≈≈≈≈w ♣.♣~.~~~~~
≈≈≈≈≈≈~ ♣.......~~
§≈~≈≈≈~ ♣♣..~~~.~~
..#≈≈≈~ ~~~~~ #
.#~≈≈ ~~~ ##P§≈≈


You could see a swamp dragon (catching breath), a tyrant leech and a swamp worm.

Vanquished Creatures
  Gastronok (Lair:2)
  Kirke (Lair:4)
  An eleionoma (Lair:3)
  A dire elephant (Lair:5)
  An ettin (Orc:2)
  Josephine (D:12)
  Fannar (D:9)
  4 hydras
  2 ogre magi
  A centaur warrior (D:9)
  A merfolk avatar (Lair:5)
  10 two-headed ogres
  A boulder beetle (Lair:4)
  Sonja (Lair:4)
  4 skysharks
  A sea snake (Lair:5)
  2 deep trolls
  A bog body (Lair:3)
  3 orc knights
  4 ugly things
  An orc sorcerer (Orc:1)
  2 manticores
  2 oklob plants (Lair:4)
  A salamander (Lair:2)
  A cyclops (Orc:1)
  2 slime creatures (D:12)
  2 elephants (Lair:5)
  2 black mambas
  A torpor snail (Lair:5)
  A gargoyle (D:12)
  An unseen horror (D:12)
  8 cane toads
  4 kobold demonologists (D:12)
  3 rime drakes
  7 komodo dragons
  13 trolls
  3 polar bears
  5 hornets
  Prince Ribbit (D:7)
  9 blink frogs
  A snapping turtle (Lair:5)
  2 spriggans (Swamp:1)
  33 yaks
  2 vampires
  9 wyverns
  6 wraiths
  7 hogs (Lair:4)
  4 basilisks
  17 vampire mosquitoes
  4 wargs
  2 acid dragons
  25 water moccasins
  22 orc warriors
  An ice beast (D:4)
  2 black bears (D:5)
  2 sky beasts
  19 ogres
  14 wolves (Lair:3)
  2 phantoms (D:4)
  13 centaurs
  5 kobold brigands
  2 gnoll sergeants
  2 scorpions (D:5)
  12 bullfrogs
  6 wights
  4 killer bees (D:7)
  3 howler monkeys (D:9)
  4 electric eels
  3 lava snakes (Lair:2)
  6 hounds
  5 orc priests
  Crazy Yiuf (D:6)
  3 jellies
  A gnoll bouda (D:4)
  A sleepcap (D:5)
  Jessica (D:2)
  6 iguanas
  Natasha (thrice) (D:2)
  16 orc wizards
  7 hell rats (Lair:4)
  25 gnolls
  5 adders
  2 white imps
  An ufetubus (D:6)
  6 dart slugs
  96 orcs
  5 endoplasms
  6 giant cockroaches
  11 goblins
  7 hobgoblins
  5 quokkas
  8 ball pythons
  A bat (D:2)
  7 frilled lizards
  30 kobolds
  3 rats
607 creatures vanquished.

Vanquished Creatures (others)
  76 fulminant prisms
76 creatures vanquished.

Grand Total: 683 creatures vanquished

Notes
Turn   | Place    | Note
-------+----------+-------------------------------------------
     0 | D:1      | Vomitron the Gargoyle Earth Elementalist began the quest
                  | for the Orb.
     0 | D:1      | Reached XP level 1. HP: 10/10 MP: 3/3
   159 | D:1      | Reached XP level 2. HP: 16/16 MP: 3/5
   161 | D:1      | Reached skill level 4 in Earth Magic
   472 | D:1      | Reached skill level 1 in Fighting
   676 | D:1      | Reached XP level 3. HP: 20/20 MP: 3/6
   915 | D:2      | Learned a level 3 spell: Stone Arrow
   930 | D:2      | Found a faded altar of an unknown god.
  1089 | D:2      | Noticed Jessica
  1090 | D:2      | Killed Jessica
  1115 | D:2      | Reached XP level 4. HP: 22/25 MP: 2/7
  1313 | D:2      | Reached skill level 1 in Conjurations
  1315 | D:2      | Reached skill level 5 in Earth Magic
  1454 | D:2      | Noticed Natasha
  1459 | D:2      | Killed Natasha
  1460 | D:2      | Reached XP level 5. HP: 30/30 MP: 5/9
  1725 | D:2      | Noticed Natasha
  1730 | D:2      | Killed Natasha
  1887 | D:2      | Noticed Natasha
  1890 | D:2      | Killed Natasha
  1928 | D:3      | Learned a level 2 spell: Call Imp
  2037 | D:3      | Reached XP level 6. HP: 36/36 MP: 7/10
  2272 | D:3      | Reached skill level 6 in Earth Magic
  3134 | D:4      | Reached XP level 7. HP: 41/41 MP: 5/12
  3583 | D:4      | Reached skill level 7 in Earth Magic
  4004 | D:4      | Learned a level 4 spell: Iskenderun's Mystic Blast
  4030 | D:5      | Entered Level 5 of the Dungeon
  4064 | D:5      | Found a staircase to the Ecumenical Temple.
  4070 | D:5      | Reached XP level 8. HP: 46/48 MP: 8/14
  4124 | Temple   | Entered the Ecumenical Temple
  4480 | Temple   | Became a worshipper of Elyvilon the Healer
  4658 | D:5      | Reached skill level 1 in Translocations
  4885 | D:5      | Reached * piety under Elyvilon
  4957 | D:5      | Reached skill level 8 in Earth Magic
  5115 | D:5      | Reached skill level 1 in Invocations
  5556 | D:6      | Learned a level 3 spell: Mephitic Cloud
  5993 | D:6      | Reached ** piety under Elyvilon
  6111 | D:6      | Found a runed translucent door.
  6112 | D:6      | Noticed Crazy Yiuf
  6298 | D:6      | Reached XP level 9. HP: 44/52 MP: 10/16
  6360 | D:6      | Reached skill level 5 in Conjurations
  6552 | D:6      | Killed Crazy Yiuf
  6614 | D:7      | Reached skill level 5 in Spellcasting
  6797 | D:7      | Noticed Prince Ribbit
  6802 | D:7      | Killed Prince Ribbit
  6847 | D:7      | Reached skill level 9 in Earth Magic
  6847 | D:7      | Reached skill level 1 in Poison Magic
  7132 | D:7      | Reached *** piety under Elyvilon
  7641 | D:8      | Reached skill level 1 in Shields
  7752 | D:8      | Found a flagged portal.
  7811 | Bailey   | Entered a bailey
  7825 | Bailey   | Learned a level 1 spell: Magic Dart
  8098 | Bailey   | Reached XP level 10. HP: 57/57 MP: 14/18
  8449 | Bailey   | Reached skill level 5 in Invocations
  8833 | Bailey   | Reached skill level 10 in Earth Magic
  9611 | D:8      | Reached **** piety under Elyvilon
  9834 | D:8      | Upgraded the game from 0.31-a0-246-g8cbcc1cb85 to
                  | 0.31-a0-263-ge8cad7f256
 10084 | D:9      | Noticed a centaur warrior
 10090 | D:9      | Killed a centaur warrior
 10185 | D:9      | Found Vaideli's General Store.
 10266 | D:9      | Found Unwax's Jewellery Boutique.
 10387 | D:9      | Learned a level 4 spell: Fulminant Prism
 10554 | D:9      | Reached XP level 11. HP: 34/61 MP: 20/21
 10700 | D:9      | Found a runed translucent gate.
 10700 | D:9      | Found a runed translucent gate.
 10700 | D:9      | Noticed an 11-headed hydra
 10700 | D:9      | Noticed cforsyth's ghost (novice OgSh)
 10701 | D:9      | Found a runed translucent gate.
 10701 | D:9      | Noticed a nine-headed hydra
 10924 | D:10     | Entered Level 10 of the Dungeon
 10992 | D:10     | Noticed a green ugly thing
 10999 | D:10     | Killed a green ugly thing
 11000 | D:10     | Reached skill level 1 in Hexes
 11136 | D:10     | Noticed a two-headed ogre
 11142 | D:10     | Killed a two-headed ogre
 11143 | D:10     | Reached skill level 5 in Shields
 11296 | D:10     | Reached skill level 11 in Earth Magic
 11550 | D:10     | Found a staircase to the Lair.
 11890 | D:10     | Reached ***** piety under Elyvilon
 12414 | D:10     | Noticed Fannar
 12692 | D:9      | Killed Fannar
 12845 | D:10     | Found a staircase to the Orcish Mines.
 13066 | D:11     | Found Adghim's General Store.
 13074 | D:11     | Bought a scroll of teleportation for 51 gold pieces
 13074 | D:11     | Bought a potion of haste for 170 gold pieces
 13130 | D:11     | Learned a level 4 spell: Flame Wave
 13268 | D:11     | Noticed a brown ugly thing
 13364 | D:11     | Killed a brown ugly thing
 13365 | D:11     | Reached skill level 5 in Fighting
 13365 | D:11     | Reached skill level 1 in Fire Magic
 13481 | D:11     | Reached XP level 12. HP: 65/68 MP: 24/24
 13575 | D:11     | Noticed a two-headed ogre
 13586 | D:11     | Killed a two-headed ogre
 13880 | Lair:1   | Entered Level 1 of the Lair of Beasts
 13888 | Lair:1   | Reached skill level 12 in Earth Magic
 14291 | Lair:1   | Reached skill level 1 in Armour
 14980 | Lair:2   | Noticed Gastronok
 14989 | Lair:2   | Noticed a skyshark
 15469 | Lair:2   | Reached skill level 10 in Conjurations
 15537 | Lair:2   | Killed Gastronok
 15789 | Lair:2   | Killed a skyshark
 15879 | Lair:2   | Found a staircase to the Snake Pit.
 15954 | Lair:2   | Identified the +1 chain mail of Ewoer {Will+ Str+3}
 16194 | Lair:2   | Reached ****** piety under Elyvilon
 16257 | Lair:2   | Found a sacrificial altar of Ru.
 16709 | Lair:3   | Reached XP level 13. HP: 58/76 MP: 26/26
 17056 | Lair:3   | Found a staircase to the Swamp.
 17098 | Lair:3   | Reached skill level 13 in Earth Magic
 17577 | Lair:4   | Found a transporter.
 17584 | Lair:4   | Found a transporter.
 17587 | Lair:4   | Noticed Bekuax's ghost (journeyman MfIE)
 17721 | Lair:4   | Reached skill level 5 in Fire Magic
 17881 | Lair:4   | Identified the +4 robe "Dekiax" {rCorr Str+2}
 18319 | Lair:4   | Noticed Sonja
 18326 | Lair:4   | Killed Sonja
 18412 | Lair:4   | Found a staircase to the Slime Pits.
 18586 | Lair:4   | Found a viscous altar of Jiyva.
 19027 | Lair:4   | Noticed Kirke
 19045 | Lair:4   | Elyvilon protects you from harm!
 19046 | Lair:4   | Noticed a sphinx
 19047 | Lair:4   | Killed Kirke
 19629 | Lair:5   | Entered Level 5 of the Lair of Beasts
 20100 | Lair:5   | Noticed a dire elephant
 20500 | Lair:5   | Reached skill level 10 in Spellcasting
 20937 | Lair:5   | Gained mutation: Your large and strong wings let you fly.
                  | [Gargoyle growth]
 20937 | Lair:5   | Reached XP level 14. HP: 65/84 MP: 8/28
 21091 | Lair:5   | Reached skill level 5 in Translocations
 21167 | Lair:5   | Reached skill level 14 in Earth Magic
 21885 | Lair:5   | Identified the +1 leather armour of Pixkonie {rF+ rCorr
                  | Dex+7}
 22034 | Lair:5   | Killed a dire elephant
 22373 | Orc:1    | Entered Level 1 of the Orcish Mines
 23661 | Orc:2    | Entered Level 2 of the Orcish Mines
 23666 | Orc:2    | Noticed Nessos
 23864 | Orc:2    | HP: 3/87 [Nessos/arrow (15)]
 23864 | Orc:2    | Elyvilon protects you from harm!
 24117 | Orc:1    | Learned a level 4 spell: Olgreb's Toxic Radiance
 24368 | Orc:2    | Noticed Snorg
 24678 | Orc:2    | Found Ukejocw's Antique Weapon Shop.
 24688 | Orc:2    | Reached skill level 10 in Fighting
 26308 | D:12     | Noticed Josephine
 26311 | D:12     | Reached skill level 15 in Earth Magic
 26318 | D:12     | Killed Josephine
 26319 | D:12     | Reached XP level 15. HP: 71/91 MP: 3/30
 27484 | Swamp:1  | Entered Level 1 of the Swamp
 27494 | Lair:3   | Elyvilon protects you from harm!
 28097 | Swamp:1  | Engulfed by a cloud of flame

Illustrated notes

Levels and vault maps discovered:
D:1:      wheals_arrival_linesprint, layout_basic
D:2:      layout_loops_cross, shapermc_ecumenical_altar_starsandcircs,
          kennysheep_generic_room_8, uniq_natasha, uniq_jessica
D:3:      layout_basic, minmay_misc_feat_cross
D:4:      layout_cave_pools, corexii_checkpoint_a
D:5:      layout_cave_pods, minmay_temple_entry_mist, grunt_decor_arrowhead
D:6:      layout_loops_ring, nicolae_overflow_hidden_temple,
          uniq_crazy_yiuf_cottage
D:7:      minmay_angry_zag, layout_basic, hangedman_abyss_or_decor_slice,
          kennysheep_generic_room_15, uniq_prince_ribbit1
D:8:      layout_basic, enter_bailey_5
D:9:      layout_roguey, gammafunk_ghost_hydra_chop, serial_shops,
          nicolae_shop_trees, nicolae_stop_n_shop_2,
          nicolae_houndstooth_variations
D:10:     wad_crossroads, layout_basic, minmay_lair_entry_grove,
          hiddenorc1_lemuel, uniq_fannar
D:11:     layout_roguey, serial_shops, shop, minmay_misc_feat_tiny
D:12:     layout_stronghold, uniq_josephine
Temple:   mainiacjoe_temple_cubbyholes
Lair:1:   layout_chaotic_city
Lair:2:   layout_small_grid, nicolae_snake_entry_warm_welcome, basic_altar,
          grunt_megastairs_4, infiniplex_staircase_pool, uniq_gastronok
Lair:3:   beast_lair_carwin_large_4, layout_gridlike, swamp_mist_pool,
          serial_bayou_pond_a
Lair:4:   layout_gridlike, minmay_slime_entry_oklob_open, gammafunk_ghost_arena,
          serial_bayou_lagoon_b, serial_bayou_shore_b, uniq_sonja, uniq_kirke
Lair:5:   gammafunk_lair_ancient_temple, layout_misc_corridors
Swamp:1:  layout_basic_swamp, evilmike_swamp_ruin_house_5,
          nicolae_swamp_little_tower, uniq_donald, uniq_louise, uniq_nikola
Orc:1:    layout_diamond_mine, basic_altar
Orc:2:    st_orc_open, layout_caves, uniq_nessos, uniq_snorg

Skill      XL: |  1  2  3  4  5  6  7  8  9 10 11 12 13 14 15 |
---------------+----------------------------------------------+-----
Earth Magic    | 4 5 6 7 8 9 10 11 12 13 15 | 15.2
Fighting       | 1 2 3 4 5 7 8 10 | 10.7
Conjurations   | 1 2 3 4 6 7 9 10 11 13 14 | 14.1
Spellcasting   | 3 4 5 7 8 9 10 11 | 11.3
Translocations | 2 3 4 5 |  5.0
Invocations    | 2 4 6 7 |  7.4
Poison Magic   | 2 |  2.0
Shields        | 1 4 5 |  5.0
Hexes          | 3 |  3.4
Fire Magic     | 1 4 5 |  5.0
Armour         | 3 |  3.0
Dodging        | |  1.5
Stealth        | |  2.1
Transmutations | |  0.7

Action                     |  1- 3 |  4- 6 |  7- 9 | 10-12 | 13-15 || total
---------------------------+-------+-------+-------+-------+-------++-------
  Melee: Dagger            |       |     9 |       |       |       ||     9
         Hand axe          |       |     6 |    18 |     7 |    20 ||    51
   Cast: Sandblast         |    34 |    98 |   172 |   306 |   233 ||   843
         Stone Arrow       |       |     4 |    24 |   128 |   146 ||   302
         Magic Dart        |       |       |    22 |     5 |     3 ||    30
         Mephitic Cloud    |       |       |       |     2 |     8 ||    10
         Iskenderun's Myst |       |       |       |    42 |   110 ||   152
         Fulminant Prism   |       |       |       |    13 |    63 ||    76
         Flame Wave        |       |       |       |     4 |    14 ||    18
         Olgreb's Toxic Ra |       |       |       |       |    19 ||    19
 Invoke: Heal Self         |       |       |     2 |       |     8 ||    10
  Evoke: Wand              |       |       |       |       |     1 ||     1
    Use: Scroll            |       |     8 |     9 |     3 |     6 ||    26
         Potion            |       |       |       |       |     4 ||     4
 Armour: Robe              |     2 |    15 |    10 |       |   210 ||   237
         Leather armour    |       |       |    53 |    39 |       ||    92
         Troll leather arm |       |       |       |    89 |    29 ||   118
  Dodge: Dodged            |     2 |    23 |    62 |   165 |   228 ||   480
  Block: Buckler           |       |       |       |    77 |   148 ||   225

Table legend: (Time is in decaauts)
 A = Elapsed time spent in this place.
 B = Non-inter-level travel time spent in this place.
 C = Inter-level travel time spent in this place.
 D = Time resting spent in this place.
 E = Time spent auto-exploring this place.
 F = Levels seen in this place.
 G = Mean time per level.
                   A        B        C        D        E       F      G
               +--------+--------+--------+--------+--------+-----+--------+
         Total |  28689 |  27221 |   1468 |   8463 |  13455 |  22 | 1304.0 |
       Dungeon |  14266 |  13599 |    667 |   2523 |   8573 |  12 | 1188.8 |
        Temple |    386 |    323 |     63 |      0 |    304 |   1 |  386.0 |
          Lair |   9304 |   8754 |    550 |   3287 |   3778 |   5 | 1860.8 |
         Swamp |     37 |     37 |      0 |      0 |      0 |   1 |   37.0 |
  Orcish Mines |   3194 |   3008 |    186 |   2002 |    524 |   2 | 1597.0 |
        Bailey |   1500 |   1500 |      0 |    651 |    275 |   1 | 1500.0 |
               +--------+--------+--------+--------+--------+-----+--------+

Top non-repeatable levels by time:
  Lair:4: 3304 daAuts
   Orc:1: 3013 daAuts
    D:10: 2209 daAuts
  Lair:3: 1744 daAuts
  Lair:1: 1699 daAuts
    D:12: 1562 daAuts
     D:9: 1516 daAuts
  Bailey: 1500 daAuts
  Lair:5: 1394 daAuts
     D:3: 1269 daAuts
     D:6: 1227 daAuts
  Lair:2: 1160 daAuts
     D:2: 1035 daAuts
     D:5: 997 daAuts
     D:7: 987 daAuts
